 Dungeon Crawl Stone Soup version 0.31-a0-1008-g5b978dac0e (webtiles) character file.

Game seed: 13748612700086733041

91112 ChronoRanger the Warrior (level 15, -5/235 HPs)
             Began as a Minotaur Fighter on Nov 13, 2023.
             Was the Champion of Makhleb.
             Slain by a vampire mosquito (9 damage)
             ... on level 2 of the Swamp.
             The game lasted 00:51:16 (19286 turns).

ChronoRanger the Warrior (Minotaur Fighter)        Turns: 19286, Time: 00:51:17

Health: -5/235     AC: 20    Str: 31    XL:     15   Next: 54%
Magic:  21/21      EV:  9    Int:  5    God:    Makhleb [******]
Gold:   678        SH: 11    Dex: 11    Spells: 14/14 levels left

rFire   + + .        d - +1 eveningstar (flame)
rCold   . . .        f - +0 kite shield
rNeg    . . .        h - +0 plate armour
rPois   +            (helmet restricted)
rElec   .            N - +2 cloak
rCorr   .            g - +2 pair of gloves
SInv    +            a - +0 pair of boots {Fly}
Will    +....        i - amulet of regeneration Stlth
                     c - ring "Ezxakegeu" {Wiz rF++ Str+4 SInv}
HPRegen 1.39/turn    E - ring of poison resistance
MPRegen 0.17/turn

%: wizardry (x1)
@: berserking, corroded, flying, very quick
A: horns 2, retaliatory headbutt
a: Renounce Religion, Minor Destruction, Lesser Servant of Makhleb, Major
Destruction, Greater Servant of Makhleb


You were on level 2 of the Swamp.
You worshipped Makhleb.
Makhleb was exalted by your worship.
You visited 4 branches of the dungeon, and saw 21 of its levels.

You collected 2217 gold pieces.
You spent 1539 gold pieces at shops.

Inventory:

Hand Weapons
 d - a +1 eveningstar of flaming (weapon)
 e - a +0 antimagic demon trident
 l - a +5 mace of protection
 B - a +1 morningstar of flaming
Missiles
 q - 2 throwing nets
 v - 61 poisoned darts (quivered)
Armour
 a - a +0 pair of boots of flying (worn)
 f - a +0 kite shield (worn)
 g - a +2 pair of gloves (worn)
 h - a +0 plate armour (worn)
 N - a +2 cloak (worn)
Jewellery
 c - the ring "Ezxakegeu" (left hand) {Wiz rF++ Str+4 SInv}
   (You bought it in a shop on level 10 of the Dungeon)

   [ring of wizardry]

   Wiz:       It improves your spell success rate.
   Str+4:     It affects your strength (+4).
   rF++:      It greatly protects you from fire.
   SInv:      It lets you see invisible.
 i - an amulet of regeneration (around neck)
 u - a ring of protection from fire
 E - a ring of poison resistance (right hand)
 J - a ring of flight
 K - a ring of protection from cold
Wands
 m - a wand of flame (10)
 r - a wand of paralysis (21)
 H - a wand of mindburst (13)
 I - a wand of roots (12)
 O - a wand of polymorph (4)
Scrolls
 b - a scroll of poison
 p - 4 scrolls of summoning
 s - 3 scrolls of enchant weapon
 F - 3 scrolls of fog
 G - 2 scrolls of torment
 M - 2 scrolls of enchant armour
Potions
 j - 6 potions of lignification
 k - 7 potions of curing
 n - a potion of mutation
 o - 3 potions of resistance
 t - 2 potions of attraction
 w - 2 potions of enlightenment {unknown}
 x - 2 potions of ambrosia
 z - 2 potions of magic
 A - 3 potions of cancellation
 C - 4 potions of brilliance
 D - 2 potions of berserk rage
 L - 2 potions of invisibility


   Skills:
 * Level 20.9 Fighting
 - Level 16.0 Maces & Flails
 - Level 12.6 Armour
 + Level 5.1 Dodging
 + Level 12.3 Shields
 - Level 9.5 Invocations
 - Level 1.5 Evocations


You had 14 spell levels left.
You didn't know any spells.
Your spell library contained the following spells:

 Spells                   Type           Power      Damage    Failure   Level
 Sandblast                Erth           0%         2d4       86%         1
 Summon Small Mammal      Summ           0%         N/A       86%         1
 Passwall                 Tmut/Erth      0%         N/A       93%         2
 Sublimation of Blood     Necr           0%         N/A       93%         2
 Call Canine Familiar     Summ           0%         N/A       99%         3
 Dazzling Flash           Conj/Hex       0%         N/A       99%         3
 Hailstorm                Conj/Ice       0%         3d3       99%         3
 Stone Arrow              Conj/Erth      0%         3d7       99%         3
 Summon Guardian Golem    Hex/Summ       0%         N/A       99%         3
 Tukima's Dance           Hex            0%         N/A       99%         3
 Volatile Blastmotes      Fire/Tloc      0%         2d10      99%         3
 Brom's Barrelling Bould  Conj/Erth      0%         2d3       100%        4
 Dimensional Bullseye     Hex/Tloc       0%         N/A       100%        4
 Fulminant Prism          Conj/Hex       0%         3d5       100%        4
 Iskenderun's Mystic Bla  Conj/Tloc      0%         2d3       100%        4
 Petrify                  Tmut/Erth      0%         N/A       100%        4
 Summon Ice Beast         Ice/Summ       0%         N/A       100%        4
 Irradiate                Conj/Tmut      0%         3d11      100%        5
 Simulacrum               Ice/Necr       0%         N/A       100%        6
 Starburst                Conj/Fire      0%         6d3       100%        6
 Maxwell's Capacitive Co  Air            0%         ∞         100%        8


Dungeon Overview and Level Annotations

Branches:
Dungeon (12/15)            Temple (0/1) D:7            Lair (5/5) D:11
  Swamp (2/4) Lair:3        Snake (0/4) Lair:3        Slime (0/5) Lair:5
    Orc (2/2) D:11            Elf (0/3) Orc:2

Altars:
Dithmenos
Hepliaklqana
Makhleb
Qazlal
Sif Muna
Trog
Uskayaw
Xom
Jiyva

Shops:
D:8 :   D:10 =   Orc:1 *   Orc:2 (*:[

Annotations:
D:9 2 runed translucent doors


Innate Abilities, Weirdness & Mutations

You have a pair of horns on your head.
You reflexively headbutt those who attack you in melee.


Message History

You barely miss the bog body.
The bog body is almost destroyed.
The vampire mosquito bites you but does no damage.
The vampire mosquito bites you.
* * * LOW HITPOINT WARNING * * *
The vampire mosquito draws strength from your injuries!
The vampire mosquito bites you.
* * * LOW HITPOINT WARNING * * *
The vampire mosquito draws strength from your injuries!
The bog body casts a spell at you. The bolt of cold hits you!!
* * * LOW HITPOINT WARNING * * *
You closely miss the bog body. Your headbutt misses the bog body.
The bog body is almost destroyed.
You are engulfed in freezing vapours.
* * * LOW HITPOINT WARNING * * *
The vampire mosquito bites you but does no damage.
The vampire mosquito bites you!
* * * LOW HITPOINT WARNING * * *
The vampire mosquito draws strength from your injuries!
You block the vampire mosquito's attack.
You puncture the bog body!
You destroy the bog body!
Makhleb accepts your kill.
You feel better.
You are engulfed in freezing vapours.
* * * LOW HITPOINT WARNING * * *
You block the vampire mosquito's attack. x3
You closely miss the vampire mosquito.
Your headbutt misses the vampire mosquito.
You are engulfed in freezing vapours.
* * * LOW HITPOINT WARNING * * *
You block the vampire mosquito's attack. x2
The vampire mosquito bites you but does no damage.
You hit the vampire mosquito. You burn the vampire mosquito.
You headbutt the vampire mosquito!
The vampire mosquito is almost destroyed.
The vampire mosquito bites you but does no damage.
You block the vampire mosquito's attack.
The vampire mosquito bites you!
You die...

♣~~~...~~§~..
♣♣~~~.~~~~~♣..
♣..~~~~~....)♣
♣...~.~♣.♣~~.♣
♣...~.~~~[..♣
♣♣.....~.~~~♣
♣~~y.~<.~♣.~♣
♣..♣♣.♣yyy.♣
♣♣♣♣@~.♣
♣~~.♣♣ ♣.♣♣♣
.♣ ♣♣


You could see 3 vampire mosquitoes.

Vanquished Creatures
  Donald (Orc:2)
  An orc warlord (Orc:1)
  An eleionoma (Swamp:1)
  A dire elephant (Lair:5)
  Snorg (D:10)
  2 bunyips (Swamp:1)
  6 hydras
  An ice dragon (Lair:1)
  A ghost crab (Lair:3)
  3 catoblepae
  2 alligators
  4 two-headed ogres
  An anaconda (Lair:1)
  A boulder beetle (D:12)
  A deep troll shaman (Lair:5)
  An orc high priest (Orc:2)
  21 death yaks
  Nergalle (D:10)
  Urug (D:10)
  A fire crab (Lair:1)
  A skyshark (Lair:3)
  2 goliath frogs (Swamp:1)
  4 skeletal warriors (D:11)
  A bog body (Swamp:2)
  A spriggan druid (Swamp:1)
  4 orc knights (Orc:2)
  5 deep elf pyromancers (Orc:2)
  A salamander (Lair:3)
  An ugly thing (D:11)
  6 orc sorcerers
  2 oklob plants
  5 deep elf zephyrmancers (Orc:2)
  2 will-o-the-wisps (Swamp:1)
  A manticore (D:12)
  A cyclops (D:11)
  10 elephants (Lair:5)
  3 black mambas
  2 gargoyles (D:10)
  2 torpor snails
  6 cane toads
  6 rime drakes
  11 komodo dragons
  Psyche (D:10)
  5 trolls
  9 polar bears
  A tyrant leech (Swamp:1)
  A hornet (D:9)
  7 dream sheep
  13 blink frogs
  A spectral dream sheep (Lair:3)
  2 vampires
  6 wyverns
  56 yaks
  2 fire bats (Orc:1)
  2 basilisks (Lair:1)
  3 steam dragons
  3 vampire mosquitoes
  5 swamp worms (Swamp:1)
  5 wargs
  3 acid dragons
  13 water moccasins
  30 orc warriors
  A sky beast (D:7)
  3 swamp drakes (Swamp:1)
  6 black bears
  A spectral blink frog (Lair:3)
  2 ice beasts (D:5)
  22 wolves
  11 ogres
  6 centaurs
  3 phantoms
  3 kobold brigands
  9 bullfrogs
  A gnoll sergeant (D:10)
  2 cane toad simulacra (Lair:1)
  2 scorpions
  11 wights
  4 killer bees (D:8)
  2 electric eels (Lair:1)
  4 lava snakes
  A jelly (D:7)
  2 hounds
  20 orc priests
  A sleepcap (D:6)
  Crazy Yiuf (D:6)
  5 iguanas
  Jessica (D:2)
  2 gnoll boudas (D:5)
  27 orc wizards
  A troll simulacrum (Lair:1)
  A spriggan simulacrum (Lair:1)
  A polar bear simulacrum (Lair:1)
  20 gnolls
  A naga simulacrum (Lair:1)
  7 adders
  2 shadow imps
  2 white imps
  4 ufetubi
  2 worms
  2 dart slugs (D:1)
  70 orcs
  8 ball pythons
  6 endoplasms
  3 giant cockroaches
  4 goblins
  6 hobgoblins
  4 jackals (D:1)
  15 kobolds
  2 quokkas
  4 bats
  5 frilled lizards
  5 rats
  A butterfly (D:7)
626 creatures vanquished.

Vanquished Creatures (others)
  A bloated husk (Swamp:1)
  An orc wizard (Orc:2)
  8 foxfires (Swamp:1)
10 creatures vanquished.

Grand Total: 636 creatures vanquished

Notes
Turn   | Place    | Note
-------+----------+-------------------------------------------
     0 | D:1      | ChronoRanger the Minotaur Fighter began the quest for the
                  | Orb.
     0 | D:1      | Reached XP level 1. HP: 19/19 MP: 0/0
    44 | D:1      | Reached XP level 2. HP: 15/27 MP: 1/1
   606 | D:2      | Reached skill level 4 in Fighting
   606 | D:2      | Reached XP level 3. HP: 30/33 MP: 2/2
   854 | D:2      | Noticed Jessica
   860 | D:2      | Killed Jessica
   864 | D:2      | Reached XP level 4. HP: 35/40 MP: 3/3
  1822 | D:3      | Reached XP level 5. HP: 42/47 MP: 2/4
  2598 | D:4      | Reached skill level 5 in Maces & Flails
  2643 | D:4      | Reached XP level 6. HP: 51/55 MP: 5/5
  2654 | D:4      | Reached skill level 5 in Fighting
  2724 | D:4      | Reached skill level 5 in Armour
  2820 | D:4      | Reached skill level 5 in Shields
  3102 | D:5      | Entered Level 5 of the Dungeon
  3131 | D:5      | Noticed an ice beast
  3139 | D:5      | Killed an ice beast
  3140 | D:5      | Reached XP level 7. HP: 62/62 MP: 6/6
  3261 | D:5      | Reached skill level 6 in Fighting
  3628 | D:5      | Found a hide-covered altar of Uskayaw.
  3629 | D:5      | Found a shadowy altar of Dithmenos.
  3645 | D:5      | Reached skill level 7 in Fighting
  3645 | D:5      | Reached XP level 8. HP: 73/73 MP: 7/7
  3679 | D:5      | Found a bloodstained altar of Trog.
  3775 | D:5      | Found a burning altar of Makhleb.
  3797 | D:5      | Became a worshipper of Makhleb the Destroyer
  3937 | D:5      | Found a shimmering blue altar of Sif Muna.
  3937 | D:5      | Found a faded altar of an unknown god.
  3944 | D:5      | Found a bloodstained altar of Trog.
  3946 | D:5      | Found a faded altar of an unknown god.
  3948 | D:5      | Found a stormy altar of Qazlal.
  4311 | D:6      | Reached skill level 10 in Maces & Flails
  4423 | D:6      | Reached skill level 8 in Fighting
  4845 | D:6      | Found a runed translucent door.
  4847 | D:6      | Noticed Crazy Yiuf
  5051 | D:6      | Killed Crazy Yiuf
  5273 | D:7      | Reached XP level 9. HP: 82/82 MP: 8/8
  5446 | D:7      | Reached skill level 9 in Fighting
  5670 | D:7      | Found a staircase to the Ecumenical Temple.
  6465 | D:8      | Reached * piety under Makhleb
  6477 | D:8      | Found a hazy altar of Hepliaklqana.
  6707 | D:8      | Reached skill level 10 in Fighting
  7136 | D:8      | Found Luyto's Tremendous Tomes.
  7382 | D:9      | Reached XP level 10. HP: 93/93 MP: 9/9
  7395 | D:9      | Reached skill level 1 in Invocations
  7521 | D:9      | Reached ** piety under Makhleb
  7567 | D:9      | Identified the +3 dagger of the Wilderness {chaos, rC+
                  | Will+ Dex-4}
  7567 | D:9      | Identified the +0 robe of the Okapi {*Corrode Will+ Int+3
                  | SInv}
  7816 | D:9      | Reached skill level 11 in Fighting
  7972 | D:9      | Noticed a two-headed ogre
  7993 | D:9      | Killed a two-headed ogre
  8072 | D:9      | Found a large runed translucent door.
  8073 | D:9      | Found a large runed translucent door.
  8073 | D:9      | Found a shimmering altar of Xom.
  8075 | D:9      | Noticed a cyan ugly thing
  8113 | D:10     | Entered Level 10 of the Dungeon
  8134 | D:10     | Noticed Urug
  8136 | D:10     | Noticed Snorg
  8139 | D:10     | Noticed a gargoyle
  8371 | D:10     | Noticed Psyche
  8376 | D:10     | Killed Psyche
  8464 | D:10     | Found Foisoit's Jewellery Shoppe.
  8474 | D:10     | Bought an amulet of regeneration for 390 gold pieces
  8514 | D:10     | Killed a gargoyle
  8515 | D:10     | Reached skill level 12 in Fighting
  8515 | D:10     | Reached skill level 5 in Invocations
  8522 | D:10     | Killed Urug
  8570 | D:10     | Killed Snorg
  8571 | D:10     | Reached XP level 11. HP: 99/105 MP: 14/14
  8682 | D:10     | Noticed Nergalle
  8692 | D:10     | Killed Nergalle
  8969 | D:11     | Noticed a two-headed ogre
  8977 | D:11     | Killed a two-headed ogre
  9108 | D:11     | Reached *** piety under Makhleb
  9111 | D:11     | Reached skill level 15 in Maces & Flails
  9126 | D:11     | Found a staircase to the Orcish Mines.
  9162 | D:11     | Found a staircase to the Lair.
  9179 | D:11     | Reached skill level 13 in Fighting
  9230 | D:11     | Noticed a skeletal warrior
  9231 | D:11     | Noticed a skeletal warrior
  9239 | D:11     | Killed a skeletal warrior
  9240 | D:11     | Noticed a skeletal warrior
  9243 | D:11     | Noticed a skeletal warrior
  9311 | D:11     | Noticed a green ugly thing
  9323 | D:11     | Killed a green ugly thing
  9457 | D:11     | Killed a skeletal warrior
  9586 | D:11     | Noticed a two-headed ogre
  9594 | D:11     | Killed a two-headed ogre
  9759 | D:11     | Killed a skeletal warrior
  9828 | D:13     | Identified the of Rinn
  9828 | Lair:1   | Entered Level 1 of the Lair of Beasts
  9872 | Lair:1   | Reached XP level 12. HP: 73/116 MP: 16/16
 10117 | Lair:1   | Reached skill level 14 in Fighting
 10195 | Lair:1   | Reached **** piety under Makhleb
 10411 | Lair:1   | Noticed an ice dragon
 10439 | Lair:1   | Reached skill level 1 in Dodging
 10466 | Lair:1   | Killed an ice dragon
 10530 | Lair:1   | Noticed a death yak
 10543 | Lair:1   | Killed a death yak
 10544 | Lair:1   | Reached skill level 15 in Fighting
 10546 | Lair:1   | Noticed a death yak
 10561 | Lair:1   | Killed a death yak
 10981 | Lair:1   | Noticed an anaconda
 10982 | Lair:1   | Noticed a five-headed hydra
 10983 | Lair:1   | Noticed a seven-headed hydra
 11100 | Lair:1   | Killed a five-headed hydra
 11158 | Lair:1   | Killed an anaconda
 11162 | Lair:1   | Killed a seven-headed hydra
 11265 | Lair:1   | Noticed a six-headed hydra
 11265 | Lair:1   | Noticed an eight-headed hydra
 11265 | Lair:1   | Noticed an alligator
 11275 | Lair:1   | Killed a six-headed hydra
 11290 | Lair:1   | Killed an eight-headed hydra
 11324 | Lair:1   | Killed an alligator
 11336 | Lair:1   | Reached XP level 13. HP: 97/128 MP: 18/18
 11508 | Lair:2   | Reached skill level 16 in Fighting
 12087 | Lair:2   | Reached ***** piety under Makhleb
 12139 | Lair:2   | Reached skill level 5 in Dodging
 12302 | Lair:3   | Found a staircase to the Swamp.
 12468 | Lair:3   | Found a staircase to the Snake Pit.
 12777 | Lair:3   | Found a shadowy altar of Dithmenos.
 12847 | Lair:3   | Reached skill level 17 in Fighting
 14180 | Orc:1    | Entered Level 1 of the Orcish Mines
 14232 | D:11     | Reached XP level 14. HP: 134/141 MP: 19/19
 14367 | Orc:1    | Reached skill level 18 in Fighting
 14438 | Orc:1    | Found Rautack's Overcharged Wands.
 14571 | Orc:2    | Entered Level 2 of the Orcish Mines
 14571 | Orc:2    | Found a staircase to the Elven Halls.
 14636 | Orc:1    | Reached ****** piety under Makhleb
 15068 | Orc:2    | Noticed Donald
 15389 | Orc:2    | Reached skill level 10 in Armour
 15389 | Orc:2    | Reached skill level 10 in Shields
 15479 | Orc:2    | Noticed an orc warlord
 15512 | Orc:1    | Killed an orc warlord
 15657 | Orc:2    | Reached skill level 1 in Evocations
 15713 | Orc:2    | Killed Donald
 16225 | Orc:2    | Reached skill level 19 in Fighting
 16369 | Orc:2    | Found Xotteat's General Store.
 16388 | Orc:2    | Found Jimnuapp's Antique Weapon Emporium.
 16404 | Orc:2    | Found Suxomp's Book Emporium.
 16420 | Orc:2    | Found Tugrid's Antique Armour Emporium.
 16535 | Orc:2    | Bought a glowing cloak for 277 gold pieces
 16668 | D:10     | Bought the ring "Ezxakegeu" {Wiz rF++ Str+4 SInv} for 872
                  | gold pieces
 16849 | Lair:5   | Entered Level 5 of the Lair of Beasts
 17291 | Lair:5   | Reached XP level 15. HP: 155/155 MP: 21/21
 17425 | Lair:5   | Found a viscous altar of Jiyva.
 17426 | Lair:5   | Found a staircase to the Slime Pits.
 17460 | Lair:5   | Reached skill level 20 in Fighting
 18621 | Swamp:1  | Entered Level 1 of the Swamp
 19283 | Swamp:2  | HP: 8/235 [vampire mosquito (7)]
 19285 | Swamp:2  | HP: 2/235 [something (4)]
 19286 | Swamp:2  | Slain by a vampire mosquito

Illustrated notes

Levels and vault maps discovered:
D:1:      lightli_arrival_lavapool, layout_basic, minmay_misc_feat_secret_circle
D:2:      layout_basic, minmay_tromino_i2, uniq_jessica
D:3:      layout_basic
D:4:      layout_rooms
D:5:      layout_basic, chequers_temple_overflow_minitemple,
          nicolae_overflow_squiral, hangedman_feature_mirror,
          reono_crystal_passage
D:6:      layout_loops_ring, amcnicky_mini_pool_small, st_stairs_13,
          minmay_misc_feat_x, kennysheep_generic_room_10,
          uniq_crazy_yiuf_cottage
D:7:      layout_loops_cross, minmay_temple_entry_butterflies,
          grunt_ministairs_9
D:8:      layout_cave_pods, kennysheep_mini, nicolae_shop_i_like_big_books
D:9:      due_chaos_kobolds, layout_basic
D:10:     layout_rooms, serial_shops, nicolae_shop_tiny_waterfront, uniq_psyche,
          uniq_nergalle, uniq_urug, uniq_snorg
D:11:     layout_loops_ring, lair_entry_dummy, minmay_orc_entry_guard_dogs
D:12:     due_megacathedral, layout_loops_ring, serial_shops,
          nicolae_shop_statue_plus, nzn_sisyphean_effort, uniq_lodul
Lair:1:   dreamdust_isle_of_ice, layout_small_grid, nicolae_lair_lakeside_cave
Lair:2:   dpeg_oklob_shooting_range, layout_misc_corridors
Lair:3:   layout_chaotic_city, nicolae_swamp_entry_spooky,
          nicolae_snake_entry_warm_welcome, basic_altar, serial_bayou_shore_a
Lair:4:   layout_roguey
Lair:5:   grunt_lair_end_beastmaster, layout_regular_city, slime_entry_1,
          minmay_stone_trees_medium, grunt_megastairs_2
Swamp:1:  layout_basic_swamp, evilmike_swamp_ruin_rubble_1, swamp_pool_4,
          hangedman_swamp_cone, nicolae_swamp_tree_isthmus,
          infiniplex_staircase_pool
Swamp:2:  layout_falls_marsh, evilmike_swamp_ruin_house_4
Orc:1:    layout_diamond_mine, nicolae_orc_lava_tube,
          nicolae_shop_overcharged_wands
Orc:2:    grunt_orc_cross, layout_caves, elves_outpost_lemuel, uniq_donald

Skill      XL: |  1  2  3  4  5  6  7  8  9 10 11 12 13 14 15 |
---------------+----------------------------------------------+-----
Maces & Flails | 3 4 5 6 8 10 13 14 16 | 16.0
Armour         | 4 5 6 9 11 12 | 12.6
Shields        | 4 5 6 9 11 12 | 12.3
Fighting       | 4 5 7 8 10 12 13 15 17 19 20 | 20.9
Invocations    | 6 7 9 |  9.5
Dodging        | 4 5 |  5.1
Evocations     | 1 |  1.5

Action                     |  1- 3 |  4- 6 |  7- 9 | 10-12 | 13-15 || total
---------------------------+-------+-------+-------+-------+-------++-------
  Melee: Flail             |    51 |       |       |       |       ||    51
         Headbutt          |     8 |    19 |    44 |    91 |   226 ||   388
         Mace              |     5 |   122 |   288 |   157 |       ||   572
         Eveningstar       |       |       |       |   333 |   968 ||  1301
  Throw: Dart              |       |       |     7 |    16 |     4 ||    27
 Invoke: Minor Destruction |       |       |       |     8 |       ||     8
         Lesser Servant of |       |       |       |     1 |       ||     1
    Use: Scroll            |     2 |     2 |    14 |    12 |     8 ||    38
         Potion            |       |     1 |     1 |     9 |     3 ||    14
   Stab: Invisible         |       |       |       |     2 |       ||     2
 Armour: Scale mail        |    36 |    15 |       |       |       ||    51
         Chain mail        |       |    78 |   203 |       |       ||   281
         Plate armour      |       |       |    21 |   493 |   781 ||  1295
  Dodge: Dodged            |    28 |    60 |   129 |   129 |   281 ||   627
  Block: Buckler           |    21 |    21 |    62 |    94 |   106 ||   304
         Kite shield       |       |       |       |       |   214 ||   214

Table legend: (Time is in decaauts)
 A = Elapsed time spent in this place.
 B = Non-inter-level travel time spent in this place.
 C = Inter-level travel time spent in this place.
 D = Time resting spent in this place.
 E = Time spent auto-exploring this place.
 F = Levels seen in this place.
 G = Mean time per level.
                   A        B        C        D        E       F      G
               +--------+--------+--------+--------+--------+-----+--------+
         Total |  18937 |  17846 |   1091 |   1307 |  12253 |  21 |  901.8 |
       Dungeon |  10375 |   9856 |    519 |    755 |   7115 |  12 |  864.6 |
          Lair |   5706 |   5330 |    376 |    420 |   3545 |   5 | 1141.2 |
         Swamp |    648 |    648 |      0 |      0 |    524 |   2 |  324.0 |
  Orcish Mines |   2207 |   2013 |    194 |    132 |   1068 |   2 | 1103.5 |
               +--------+--------+--------+--------+--------+-----+--------+

Top non-repeatable levels by time:
  Lair:1: 1685 daAuts
   Orc:2: 1427 daAuts
     D:8: 1292 daAuts
  Lair:5: 1212 daAuts
  Lair:3: 1202 daAuts
    D:11: 1167 daAuts
     D:6: 1160 daAuts
     D:2: 959 daAuts
     D:5: 956 daAuts
     D:9: 920 daAuts
     D:3: 852 daAuts
  Lair:2: 812 daAuts
     D:7: 809 daAuts
  Lair:4: 793 daAuts
   Orc:1: 779 daAuts
